3A
YORK REVOLUTION @ HIGHWOOD HAWKS
06/22/2030
 
TOP OF THE 1ST
York Revolution batting - Pitching for Highwood Hawks : LHP John Wallbank
Pitching: LHP John Wallbank
Batting: RHB James Deines 0-0: Ball
1-0: Foul Ball, location: 2F
1-1: Ball
2-1: Ground out 4-3 (Groundball, 4M)
Batting: RHB Eikki Kankaanperä 0-0: Fly out, F5 (Popup, 5SF)
Batting: RHB Colm Goodwill 0-0: Ball
1-0: Ground out 6-3 (Groundball, 6)
Top of the 1st over - 0 runs, 0 hits, 0 errors, 0 left on base; York 0 - Highwood 0
BOTTOM OF THE 1ST
Highwood Hawks batting - Pitching for York Revolution : RHP António Correa
Pitching: RHP António Correa
Batting: RHB Paco Ibarra 0-0: Bunt missed!
0-1: Called Strike
0-2: Strikes out swinging, 2-3 out at first.
Batting: RHB Fernando Franco 0-0: Called Strike
0-1: Fly out, F8 (Flyball, 8LM)
Batting: RHB Paul Byrd 0-0: Fly out, F7 (Flyball, 7S)
Bottom of the 1st over - 0 runs, 0 hits, 0 errors, 0 left on base; York 0 - Highwood 0
TOP OF THE 2ND
York Revolution batting - Pitching for Highwood Hawks : LHP John Wallbank
Batting: RHB Noah Bushby 0-0: Called Strike
0-1: Ball
1-1: Foul Ball, location: 2F
1-2: Ball
2-2: Fly out, F7 (Line Drive, 7)
Batting: RHB Luis Yander La O 0-0: Fly out, F9 (Flyball, 9)
Batting: RHB Guy Toussaint 0-0: SINGLE (Line Drive, 6MD)
Batting: RHB Mark Patterson 0-0: Called Strike
0-1: Called Strike
0-2: Ball
1-2: Strikes out swinging
Top of the 2nd over - 0 runs, 1 hit, 0 errors, 1 left on base; York 0 - Highwood 0
BOTTOM OF THE 2ND
Highwood Hawks batting - Pitching for York Revolution : RHP António Correa
Batting: RHB Jurg Dansen 0-0: Called Strike
0-1: Ball
1-1: Called Strike
1-2: Ball
2-2: Strikes out swinging, 2-3 out at first.
Batting: RHB Jimmy Scott 0-0: Ball
1-0: Ball
2-0: Ball
3-0: Base on Balls
Batting: SHB Greg Buckner 0-0: Foul Ball, location: 2F
0-1: Grounds into double play, 4-6-3 (Groundball, 4)
Bottom of the 2nd over - 0 runs, 0 hits, 0 errors, 0 left on base; York 0 - Highwood 0
TOP OF THE 3RD
York Revolution batting - Pitching for Highwood Hawks : LHP John Wallbank
Batting: RHB Andy Alderliesten 0-0: Swinging Strike
0-1: Swinging Strike
0-2: Ball
1-2: Strikes out looking
Batting: RHB Tome Uso 0-0: Ball
1-0: Foul Ball, location: 2F
1-1: Ball
2-1: Swinging Strike
2-2: SINGLE (Groundball, 6MS) (infield hit)
Batting: RHB James Deines 0-0: Ball
1-0: Ball
2-0: Ball
3-0: Called Strike
3-1: Base on Balls
Tome Uso to second
Batting: RHB Eikki Kankaanperä 0-0: SINGLE (Groundball, 23) (infield hit)
Tome Uso to third
James Deines to second
Batting: RHB Colm Goodwill 0-0: Foul Ball, location: 2F
0-1: Ball
1-1: Foul Ball, location: 2F
1-2: Strikes out swinging
Batting: RHB Noah Bushby 0-0: Called Strike
0-1: Ball
1-1: Swinging Strike
1-2: Ball
2-2: Strikes out swinging
Top of the 3rd over - 0 runs, 2 hits, 0 errors, 3 left on base; York 0 - Highwood 0
BOTTOM OF THE 3RD
Highwood Hawks batting - Pitching for York Revolution : RHP António Correa
Batting: RHB Félix Vaca 0-0: Called Strike
0-1: Foul Ball, location: 2F
0-2: Ground out 4-3 (Groundball, 4)
Batting: RHB Jon Deal 0-0: Ball
1-0: Foul Ball, location: 2F
1-1: Called Strike
1-2: Strikes out swinging
Batting: SHB Arvo Helminen 0-0: Swinging Strike
0-1: Ground out 6-3 (Groundball, 6)
Bottom of the 3rd over - 0 runs, 0 hits, 0 errors, 0 left on base; York 0 - Highwood 0
TOP OF THE 4TH
York Revolution batting - Pitching for Highwood Hawks : LHP John Wallbank
Batting: RHB Luis Yander La O 0-0: Ball
1-0: Ball
2-0: Ball
3-0: Called Strike
3-1: Base on Balls
Batting: RHB Guy Toussaint 0-0: Foul Ball, location: 2F
0-1: Swinging Strike
0-2: Ball
1-2: Strikes out swinging
Batting: RHB Mark Patterson 0-0: Foul Ball, location: 2F
0-1: Ball
1-1: Ball
2-1: Grounds into double play, 4-6-3 (Groundball, 4)
Top of the 4th over - 0 runs, 0 hits, 0 errors, 0 left on base; York 0 - Highwood 0
BOTTOM OF THE 4TH
Highwood Hawks batting - Pitching for York Revolution : RHP António Correa
Batting: RHB Paco Ibarra 0-0: SINGLE (Groundball, 34D)
Batting: RHB Fernando Franco 0-0: Ball
1-0: Ball
2-0: Foul Ball, location: 2F
2-1: Fly out, F9 (Flyball, 89M)
Batting: RHB Paul Byrd 0-0: Grounds into double play, 6-4-3 (Groundball, 6)
Bottom of the 4th over - 0 runs, 1 hit, 0 errors, 0 left on base; York 0 - Highwood 0
TOP OF THE 5TH
York Revolution batting - Pitching for Highwood Hawks : LHP John Wallbank
Batting: RHB Andy Alderliesten 0-0: Called Strike
0-1: Ball
1-1: Foul Ball, location: 2F
1-2: Ball
2-2: Strikes out looking
Batting: RHB Tome Uso 0-0: Ball
1-0: Foul Ball, location: 2F
1-1: Ball
2-1: SINGLE (Flyball, 56D)
Batting: RHB James Deines 0-0: Ball
1-0: Ball
2-0: Ball
3-0: Called Strike
3-1: Foul Ball, location: 2F
3-2: Ground out 5-3 (Groundball, 56S)
Tome Uso to second
Batting: RHB Eikki Kankaanperä 0-0: Ball
1-0: Swinging Strike
1-1: DOUBLE (Line Drive, 8LD)
Tome Uso scores
Batting: RHB Colm Goodwill 0-0: Called Strike
0-1: Ball
1-1: Swinging Strike
1-2: Ball
2-2: Ball
3-2: Ground out 5-3 (Groundball, 56S)
Top of the 5th over - 1 run, 2 hits, 0 errors, 1 left on base; York 1 - Highwood 0
BOTTOM OF THE 5TH
Highwood Hawks batting - Pitching for York Revolution : RHP António Correa
Batting: RHB Jurg Dansen 0-0: Ball
1-0: Foul Ball, location: 2F
1-1: Foul Ball, location: 2F
1-2: Foul Ball, location: 2F
1-2: Ball
2-2: Ball
3-2: Foul Ball, location: 2F
3-2: Fly out, F8 (Flyball, 8LS)
Batting: RHB Jimmy Scott 0-0: Swinging Strike
0-1: Swinging Strike
0-2: Foul Ball, location: 2F
0-2: Foul Ball, location: 2F
0-2: Ball
1-2: Strikes out swinging
Batting: SHB Greg Buckner 0-0: Foul Ball, location: 2F
0-1: Ground out 2-3 (Groundball, 2L)
Bottom of the 5th over - 0 runs, 0 hits, 0 errors, 0 left on base; York 1 - Highwood 0
TOP OF THE 6TH
York Revolution batting - Pitching for Highwood Hawks : LHP John Wallbank
Batting: RHB Noah Bushby 0-0: Ball
1-0: Called Strike
1-1: Ball
2-1: Fly out, F3 (Popup, 3)
Batting: RHB Luis Yander La O 0-0: Called Strike
0-1: Ball
1-1: Ball
2-1: Ball
3-1: Ground out U3 (Groundball, 3)
Batting: RHB Guy Toussaint 0-0: SINGLE (Groundball, 6MD)
Batting: RHB Mark Patterson 0-0: Called Strike
0-1: Called Strike
0-2: Strikes out swinging
Top of the 6th over - 0 runs, 1 hit, 0 errors, 1 left on base; York 1 - Highwood 0
BOTTOM OF THE 6TH
Highwood Hawks batting - Pitching for York Revolution : RHP António Correa
Batting: RHB Félix Vaca 0-0: Ground out 5-3 (Groundball, 56)
Batting: RHB Jon Deal 0-0: Called Strike
0-1: Ball
1-1: Swinging Strike
1-2: Strikes out swinging
Batting: SHB Arvo Helminen 0-0: Called Strike
0-1: Ground out 5-3 (Groundball, 56S)
Bottom of the 6th over - 0 runs, 0 hits, 0 errors, 0 left on base; York 1 - Highwood 0
TOP OF THE 7TH
York Revolution batting - Pitching for Highwood Hawks : LHP John Wallbank
Batting: RHB Andy Alderliesten 0-0: Ball
1-0: Swinging Strike
1-1: Called Strike
1-2: Strikes out swinging
Batting: RHB Tome Uso 0-0: Called Strike
0-1: Ball
1-1: Ground out 4-3 (Groundball, 4S)
Batting: RHB James Deines 0-0: Ball
1-0: Swinging Strike
1-1: Ground out 1-3 (Groundball, 15)
Top of the 7th over - 0 runs, 0 hits, 0 errors, 0 left on base; York 1 - Highwood 0
BOTTOM OF THE 7TH
Highwood Hawks batting - Pitching for York Revolution : RHP António Correa
Batting: RHB Paco Ibarra 0-0: Ball
1-0: Ball
2-0: Ball
3-0: Base on Balls
Pinch Hitting: LHB Abel Apolinrio 0-0: Called Strike
0-1: Swinging Strike
0-2: Strikes out swinging
Pinch Hitting: LHB Yi-da Yee 0-0: Ball
1-0: Foul Ball, location: 2F
1-1: Fly out, F9 (Line Drive, 9D)
Batting: RHB Jurg Dansen 0-0: Called Strike
0-1: Fly out, F9 (Flyball, 89M)
Bottom of the 7th over - 0 runs, 0 hits, 0 errors, 1 left on base; York 1 - Highwood 0
TOP OF THE 8TH
York Revolution batting - Pitching for Highwood Hawks : LHP John Wallbank
Now at 2B: Yi-da Yee
Now in RF: Phil Greaney
Batting: RHB Eikki Kankaanperä 0-0: Foul Ball, location: 2F
0-1: Ball
1-1: Ball
2-1: Ball
3-1: Called Strike
3-2: DOUBLE (Line Drive, 78D)
Batting: RHB Colm Goodwill 0-0: Foul Ball, location: 2F
0-1: Ball
1-1: Foul Ball, location: 2F
1-2: Strikes out looking
Batting: RHB Noah Bushby 0-0: Intentional Walk
Batting: RHB Luis Yander La O 0-0: Ball
1-0: Ball
2-0: SINGLE (Groundball, 34D)
Eikki Kankaanperä to third
Noah Bushby to second
Runner from 3rd tries for Home, SAFE, no throw
Batting: RHB Guy Toussaint 0-0: Called Strike
0-1: Called Strike
0-2: Foul Ball, location: 2F
0-2: Strikes out swinging
Pitching: RHP José Barquero
Pinch Hitting: LHB Gong Mao 0-0: SINGLE (Line Drive, 9LM)
Noah Bushby to third
Luis Yander La O to second
Pinch Hitting: LHB Joe Ellison 0-0: Foul Ball, location: 2F
0-1: Ball
1-1: Ball
2-1: Ball
3-1: Foul Ball, location: 2F
3-2: Fly out, F6 (Line Drive, 6)
Top of the 8th over - 1 run, 3 hits, 0 errors, 3 left on base; York 2 - Highwood 0
BOTTOM OF THE 8TH
Highwood Hawks batting - Pitching for York Revolution : RHP António Correa
Now at 1B: Carlo Manlulu
Now at 3B: Pedro Flores
Batting: RHB Jimmy Scott 0-0: Ball
1-0: Ball
2-0: Ball
3-0: Base on Balls
Batting: SHB Greg Buckner 0-0: Ball
1-0: Called Strike
1-1: Called Strike
1-2: Fielders Choice at 2nd, 4-6 (Groundball, 4)
Batting: RHB Félix Vaca 0-0: Ball
1-0: Called Strike
1-1: Called Strike
1-2: Ball
2-2: Ball
3-2: Ground out 6-3 (Groundball, 6)
Greg Buckner to second
Batting: RHB Jon Deal 0-0: Ball
1-0: Fly out, F5 (Popup, 5SF)
Bottom of the 8th over - 0 runs, 0 hits, 0 errors, 1 left on base; York 2 - Highwood 0
TOP OF THE 9TH
York Revolution batting - Pitching for Highwood Hawks : RHP José Barquero
Batting: RHB Tome Uso 0-0: Called Strike
0-1: Ball
1-1: Ball
2-1: Ground out 6-3 (Groundball, 6)
Batting: RHB James Deines 0-0: Called Strike
0-1: Swinging Strike
0-2: Ball
1-2: Ball
2-2: Ball
3-2: SINGLE (Line Drive, 89M)
Batting: RHB Eikki Kankaanperä 0-0: Called Strike
0-1: Ball
1-1: Ball
2-1: Ball
3-1: SINGLE (Groundball, 56D)
James Deines to second
Batting: RHB Colm Goodwill 0-0: Foul Ball, location: 2F
0-1: Fielders Choice at 2nd, 5-4 (Groundball, 56)
James Deines to third
Batting: RHB Noah Bushby 0-0: Ball
Colm Goodwill steals 2nd base
1-0: DOUBLE (Line Drive, 78D)
James Deines scores
Colm Goodwill scores
Batting: RHB Luis Yander La O 0-0: Called Strike
0-1: Foul Ball, location: 2F
0-2: Strikes out swinging
Top of the 9th over - 2 runs, 3 hits, 0 errors, 1 left on base; York 4 - Highwood 0
BOTTOM OF THE 9TH
Highwood Hawks batting - Pitching for York Revolution : RHP António Correa
Batting: SHB Arvo Helminen 0-0: Called Strike
0-1: Foul Ball, location: 2F
0-2: Ball
1-2: Ball
2-2: Foul Ball, location: 2F
2-2: Strikes out swinging
Batting: RHB Paco Ibarra 0-0: Ball
1-0: Called Strike
1-1: Swinging Strike
1-2: Strikes out swinging
Batting: RHB Phil Greaney 0-0: Ball
1-0: Ball
2-0: Ball
3-0: Called Strike
3-1: Fly out, F9 (Flyball, 89S)
Bottom of the 9th over - 0 runs, 0 hits, 0 errors, 0 left on base; York 4 - Highwood 0
Sunday, March 18th, 2018 - OOTP Baseball 18.8 Build 76